AoeStats
← BKampen

Pilgrims

508546465Analyzed
4v4 RM · 9d ago on Sep 23, 2026· 35m 44s· 8 players
Game mode
Random Map
Map size
Large (8 player)
Population
200
Speed
Normal
Resources
Standard
Victory
Conquest
Starting age
Dark Age
Ending age
Imperial Age
RankedLock teamsTeams togetherTeam positionsShared explorationLock speedFull tech treeHidden civsTurbo modeCheats
Victory
Defeat
🇺🇸 Persians · United States
894
+10
🇹🇷 Goths · Türkiye
739
+16
🇬🇧 Saxons · United Kingdom
720
+16
🇧🇷 Franks · Brazil
623
+20
🇺🇸 Romans · United States
814
-45
🇺🇸 Vikings · United States
740
-18
🇺🇸 Britons · United States
719
-18
🇺🇸 Khmer · United States
651
-12
Chevalierpersan
2:55 Loom
9:26 Feudal Age
9:52 Man-at-Arms
10:18 Arson
10:37 Town Watch
23:51 Wheelbarrow
24:19 Double-Bit Axe
26:51 Bloodlines
30:50 Castle Age
28:47 Stone Mining
28:54 Gold Mining
29:11 Fletching
30:06 Scale Barding Armor
30:14 Forging
30:40 Scale Mail Armor
32:45 Iron Casting
Executioner's Bong
8:47 Loom
15:33 Feudal Age
16:51 Stone Mining
17:26 Fishing Lines
17:39 Double-Bit Axe
18:46 Fletching
21:02 Forging
28:54 Castle Age
28:01 Horse Collar
30:00 Bodkin Arrow
30:41 Iron Casting
30:27 Gold Mining
30:47 Arson
31:06 Scale Mail Armor
32:27 Guard Tower
34:52 Chain Mail Armor
Kael
5:12 Loom
12:31 Feudal Age
20:14 Castle Age
18:49 Double-Bit Axe
20:03 Wheelbarrow
22:27 Fletching
24:20 Bow Saw
25:37 Man-at-Arms
30:18 Scale Mail Armor
30:28 Forging
31:10 Gold Mining
31:11 Stone Mining
32:29 Hand Cart
34:05 Bodkin Arrow
Ironkinghard
11:46 Feudal Age
13:48 Wheelbarrow
13:24 Gold Mining
13:29 Double-Bit Axe
13:28 Man-at-Arms
17:39 Scale Mail Armor
17:50 Forging
22:21 Castle Age
22:27 Castle Age
23:27 Pikeman
31:21 Scale Barding Armor
35:00 Iron Casting
34:46 Chain Barding Armor
dlwag77
4:43 Loom
10:25 Feudal Age
17:50 Fletching
18:11 Forging
18:07 Scale Barding Armor
19:16 Double-Bit Axe
19:16 Horse Collar
24:04 Castle Age
22:28 Bloodlines
24:34 Light Cavalry
25:14 Husbandry
27:28 Heavy Plow
30:07 Ballistics
XIROCRONIX
4:44 Loom
13:04 Feudal Age
15:23 Wheelbarrow
15:17 Gold Mining
15:00 Man-at-Arms
16:52 Horse Collar
17:23 Double-Bit Axe
20:10 Town Watch
27:09 Castle Age
25:27 Fishing Lines
26:09 Stone Mining
27:12 Crossbowman
28:08 Bow Saw
29:42 Long Swordsman
BKampen
5:34 Loom
13:57 Feudal Age
15:35 Fishing Lines
19:10 Man-at-Arms
19:47 Gold Mining
19:42 Horse Collar
19:52 Double-Bit Axe
24:24 Castle Age
30:09 Stone Mining
34:54 Heavy Plow
35:08 Bow Saw
34:21 Long Swordsman
35:03 Squires
34:48 Arson
35:54 Gold Shaft Mining
34:41 Light Cavalry
jedi
16:41 Feudal Age
16:48 Man-at-Arms
17:53 Double-Bit Axe
18:45 Forging
18:36 Scale Mail Armor
19:22 Loom
23:16 Wheelbarrow
22:48 Gold Mining
22:50 Stone Mining
22:42 Horse Collar
27:59 Castle Age
30:59 Hand Cart
30:36 Long Swordsman
32:38 Gold Shaft Mining
32:16 Bow Saw
31:48 Long Swordsman
32:14 Gambesons
32:29 Squires
33:07 Iron Casting
32:47 Chain Mail Armor
Connection lost

Rejoining the realm…

Still unreachable

The connection could not be restored.

Session expired

The server has moved on; the page needs a fresh start.